 Dungeon Crawl Stone Soup version 0.29-a0-214-g17f627cfee (webtiles) character file.

Game seed: 2618511540564968973

106 Hasart the Bolt Thrower (level 4, -1/37 HPs)
             Began as a Demigod Hunter on Feb 24, 2022.
             Slain by a scorpion (6 damage)
             ... on level 4 of the Dungeon.
             The game lasted 00:03:01 (2177 turns).

Hasart the Bolt Thrower (Demigod Hunter)            Turns: 2177, Time: 00:03:02

Health: -1/37      AC:  3    Str: 13    XL:     4   Next: 30%
Magic:  6/6        EV: 12    Int: 13    God:
Gold:   264        SH:  0    Dex: 18    Spells: 3/3 levels left

rFire   . . .      SeeInvis .   a - +1 hand crossbow
rCold   . . .      Faith    .   (no shield)
rNeg    . . .      Spirit   .   b - +0 leather armour
rPois   .          Reflect  .   (no helmet)
rElec   .          Harm     .   (no cloak)
rCorr   .          Rampage  .   (no gloves)
Will    .....                   (no boots)
Stlth   ++........              (no amulet)
HPRegen 0.12/turn               (no ring)
MPRegen 0.10/turn               (no ring)

@: no status effects
A: high MP 1, forlorn, divine attributes
a: no special abilities


You were on level 4 of the Dungeon.
You visited 1 branch of the dungeon, and saw 4 of its levels.

You collected 264 gold pieces.

Inventory:

Hand Weapons
 a - a +1 hand crossbow (weapon)
Armour
 b - a +0 leather armour (worn)
Scrolls
 c - 2 scrolls of identify {unknown}
 f - 2 scrolls of noise {unknown}
 j - a scroll of vulnerability {unknown}
 k - 2 scrolls of teleportation {unknown}
 o - a scroll of fog {unknown}
Potions
 d - 3 potions of degeneration {unknown}
 e - a potion of might {unknown}
 g - 2 potions of curing {unknown}
 h - a potion of lignification {unknown}
 i - a potion of ambrosia {unknown}
 l - a potion of berserk rage {unknown}
 m - a potion of mutation {unknown}
 n - a potion of flight {unknown}
 p - a potion of haste {unknown}


   Skills:
 + Level 2.5 Fighting
 * Level 4.4 Crossbows
 + Level 2.4 Dodging
 + Level 2.0 Stealth


You had 3 spell levels left.
You didn't know any spells.
Your spell library contained the following spells:

 Spells                   Type           Power      Damage    Failure   Level
 Blade Hands              Tmut           0%         N/A       100%        5
 Irradiate                Conj/Tmut      0%         3d13      100%        5
 Dragon Form              Tmut           0%         N/A       100%        7


Dungeon Overview and Level Annotations

Branches:
Dungeon (4/15)
 Temple: D:4-7

Annotations:
D:4 Menkaure


Innate Abilities, Weirdness & Mutations

You have an increased reservoir of magic. (+10% MP)
You shall have no god before yourself.
Your divine heritage dramatically boosts your attributes as you level up.


Message History

Unknown command.
You are too injured to fight recklessly!
Unknown command.
You are too injured to fight recklessly!
You are too injured to fight recklessly!
You are too injured to fight recklessly!
Shoot: a) +1 hand crossbow
Press: ? - help, Q - select action Shift-Dir - straight line, f/p - scorpion
Aim: a scorpion (66% to hit)
You shoot a bolt.
The bolt hits the scorpion but does no damage.
You feel sick. The scorpion closely misses you.
Shoot: a) +1 hand crossbow
Press: ? - help, Q - select action Shift-Dir - straight line, f/p - scorpion
Aim: a scorpion (66% to hit)
You shoot a bolt. The bolt closely misses the scorpion.
You feel sick. The scorpion stings you.
* * * LOW HITPOINT WARNING * * *
The scorpion closely misses you.
Shoot: a) +1 hand crossbow
Press: ? - help, Q - select action Shift-Dir - straight line, f/p - scorpion
Aim: a scorpion (66% to hit)
You shoot a bolt. The bolt closely misses the scorpion.
You feel sick.
You are no longer poisoned.
The scorpion barely misses you. The scorpion closely misses you.
Shoot: a) +1 hand crossbow
Press: ? - help, Q - select action Shift-Dir - straight line, f/p - scorpion
Aim: a scorpion (66% to hit)
You shoot a bolt. The bolt hits the scorpion.
The scorpion is moderately wounded.
The scorpion stings you.
* * * LOW HITPOINT WARNING * * *
Unknown command.
Shoot: a) +1 hand crossbow
Press: ? - help, Q - select action Shift-Dir - straight line, f/p - scorpion
Aim: a scorpion (moderately wounded, 66% to hit)
You shoot a bolt. The bolt barely misses the scorpion.
The scorpion stings you.
You die...

#######
#.....#
#.....#
#....>#
#.....#
#.....###
#..s....#
#..@..#
#.......#
..........#
........###
.........
.........
.......##
......#


You could see a scorpion.

Vanquished Creatures
  A hound (D:3)
  3 adders
  A dart slug (D:2)
  8 ball pythons
  3 bats
  7 endoplasms
  3 giant cockroaches
  4 goblins
  3 hobgoblins
  4 quokkas
  3 frilled lizards (D:1)
  2 kobolds (D:2)
  7 rats
49 creatures vanquished.

Notes
Turn   | Place    | Note
-------+----------+-------------------------------------------
     0 | D:1      | Hasart the Demigod Hunter began the quest for the Orb.
     0 | D:1      | Reached XP level 1. HP: 17/17 MP: 3/3
    25 | D:1      | Reached skill level 1 in Stealth
   158 | D:1      | Reached XP level 2. HP: 24/24 MP: 4/4
   386 | D:1      | Reached skill level 4 in Crossbows
   696 | D:2      | Reached XP level 3. HP: 29/29 MP: 5/5
  2118 | D:4      | Noticed a scorpion
  2126 | D:3      | Reached XP level 4. HP: 33/37 MP: 6/6
  2145 | D:4      | Noticed Menkaure
  2177 | D:4      | Slain by a scorpion

Illustrated notes

Levels and vault maps discovered:
D:1:      mrwooster_arrival_statue_3, layout_rooms
D:2:      layout_loops_ring, basic_altar
D:3:      layout_loops_ring, nicolae_overflow_hidden_temple,
          minmay_pentomino_pile
D:4:      minmay_door_path, layout_rooms, uniq_menkaure, uniq_eustachio,
          uniq_edmund, uniq_grinder

Skill      XL: |  1  2  3 |
---------------+----------+-----
Stealth        | 1 2 |  2.0
Fighting       | 2 |  2.5
Dodging        | 2 |  2.4
Crossbows      | 4 |  4.4

Action                   |  1- 3 |  4- 6 || total
-------------------------+-------+-------++-------
 Fire: Hand crossbow     |   105 |    10 ||   115
Armor: Leather armour    |     8 |     1 ||     9
Dodge: Dodged            |    22 |     8 ||    30

Table legend: (Time is in decaauts)
 A = Elapsed time spent in this place.
 B = Non-inter-level travel time spent in this place.
 C = Inter-level travel time spent in this place.
 D = Time resting spent in this place.
 E = Time spent auto-exploring this place.
 F = Levels seen in this place.
 G = Mean time per level.
                   A        B        C        D        E       F      G
               +--------+--------+--------+--------+--------+-----+--------+
         Total |   2218 |   2094 |    124 |      0 |   1831 |   4 |  554.5 |
       Dungeon |   2218 |   2094 |    124 |      0 |   1831 |   4 |  554.5 |
               +--------+--------+--------+--------+--------+-----+--------+

Top non-repeatable levels by time:
     D:2: 923 daAuts
     D:3: 780 daAuts
     D:1: 494 daAuts
     D:4: 19 daAuts
